 Dungeon Crawl Stone Soup version 0.30-b1-2-g02819fbbbe (webtiles) character file.

Game seed: 7152122411296921510

4995 Maffolandro the Spear-Bearer (level 10, 0/80 HPs)
             Began as a Human Wanderer on Dec 23, 2023.
             Was an Initiate of Yredelemnul.
             Slain by a large abomination (1 damage)
             ... on level 1 of the Abyss.
             The game lasted 00:23:53 (9144 turns).

Maffolandro the Spear-Bearer (Human Wanderer)       Turns: 9144, Time: 00:23:54

Health: 0/80       AC: 28    Str: 13    XL:     10   Next: 83%
Magic:  14/14      EV:  5    Int: 12    God:    Yredelemnul [......]
Gold:   447        SH:  0    Dex: 22    Spells: 11/15 levels left

rFire   . . .        s - +1 demon trident
rCold   + . .        (no shield)
rNeg    . . .        R - +11 plate armour of Exclusion {Str+2 Dex+3 Stlth+}
rPois   .            d - +0 helmet
rElec   .            (no cloak)
rCorr   .            D - +0 pair of gloves
SInv    .            B - +2 pair of boots
Will    .....        r - amulet of faith Stlth
                     o - ring of protection from cold
HPRegen 0.00/turn    (no ring)
MPRegen 0.14/turn

%: faith
@: sick
A: no striking features
a: Renounce Religion, Recall Undead Harvest


You were on level 1 of the Abyss.
You worshipped Yredelemnul.
Yredelemnul was noncommittal.
You visited 1 branch of the dungeon, and saw 9 of its levels.
You visited the Abyss 1 time.

You collected 447 gold pieces.

Inventory:

Hand Weapons
 a - a +1 short sword
 s - a +1 demon trident (weapon)
Missiles
 f - 3 throwing nets
 E - 22 poisoned darts (quivered)
Armour
 d - a +0 helmet (worn)
 i - the +4 chain mail "Fyexat" {Str+4}
   (You took it off an orc on level 6 of the Dungeon)

   Str:       It affects your strength (+4).
 B - a +2 pair of boots (worn)
 D - a +0 pair of gloves (worn)
 H - a +2 robe of willpower
 R - the +11 plate armour of Exclusion (worn) {Str+2 Dex+3 Stlth+}
   (You found it on level 1 of the Abyss)

   Str:       It affects your strength (+2).
   Dex:       It affects your dexterity (+3).
   Stlth:     It makes you more stealthy.
Jewellery
 m - a ring of see invisible
 o - a ring of protection from cold (left hand)
 r - an amulet of faith (around neck)
 C - a +6 ring of intelligence
 G - a +6 ring of intelligence
 I - a +6 ring of intelligence
 K - a ring of protection from fire
Wands
 w - a wand of digging (5)
 z - a wand of paralysis (13)
 A - a wand of roots (6)
 J - a wand of flame (26)
 P - a wand of polymorph (4)
Scrolls
 b - 2 scrolls of blinking
 c - 2 scrolls of poison {unknown}
 e - 3 scrolls of fear {unknown}
 j - 3 scrolls of teleportation
 l - 4 scrolls of noise {unknown}
 q - a scroll of magic mapping
 t - a scroll of amnesia
 v - 4 scrolls of immolation {unknown}
 y - a scroll of vulnerability
Potions
 g - 4 potions of mutation {unknown}
 h - a potion of might
 k - 2 potions of resistance {unknown}
 n - 3 potions of haste {unknown}
 p - 5 potions of heal wounds {unknown}
 u - 3 potions of invisibility {unknown}
 x - 2 potions of attraction
 F - 3 potions of lignification {unknown}
 L - a potion of curing {unknown}
 M - a potion of brilliance {unknown}
 N - 2 potions of magic {unknown}


   Skills:
 + Level 7.7 Fighting
 - Level 2.0 Short Blades
 * Level 11.8 Polearms
 + Level 4.8 Armour
 - Level 4.0 Dodging
 - Level 3.0 Spellcasting
 - Level 2.0 Necromancy


You had 11 spell levels left.
You knew the following spells:

 Your Spells              Type           Power      Damage    Failure   Level
a - Kiss of Death         Conj/Necr      16%        2d6       100%        1
b - Vampiric Draining     Necr           6%         2d6       100%        3

Your spell library contained the following spells:

 Spells                   Type           Power      Damage    Failure   Level
 Apportation              Tloc           2%         N/A       100%        1
 Necrotise                Necr           24%        1d5       100%        1
 Slow                     Hex            4%         N/A       100%        1
 Summon Small Mammal      Summ           4%         N/A       100%        1
 Confusing Touch          Hex            1%         N/A       100%        3
 Inner Flame              Hex/Fire       1%         N/A       100%        3
 Volatile Blastmotes      Fire/Tloc      2%         2d10      100%        3
 Dispel Undead            Necr           6%         3d8       100%        4
 Fulminant Prism          Conj/Hex       0%         3d5       100%        4
 Iskenderun's Mystic Bla  Conj/Tloc      1%         2d3       100%        4
 Lee's Rapid Deconstruct  Erth           0%         3d4*      100%        5
 Yara's Violent Unravell  Hex/Tmut       0%         3d3       100%        5
 Enfeeble                 Hex            0%         N/A       100%        7


Dungeon Overview and Level Annotations

Branches:
Dungeon (9/15)             Temple (0/1) D:7
   Lair: D:8-11         Orc: D:9-12

Altars:
Cheibriados
Dithmenos
Fedhas
Gozag
Nemelex Xobeh
Okawaru
Trog
Uskayaw
Wu Jian
Yredelemnul

Shops:
D:2 =   D:7 (

Annotations:
D:2 1 runed translucent door, exclusion: door, Crazy Yiuf, Natasha
D:8 3 runed translucent doors, bananaglory's ghost, novice TeFE; unihiutale's ghost, novice HuWn


Message History

You puncture the centaur warrior skeleton!
The centaur warrior skeleton is almost destroyed.
The centaur warrior skeleton hits you but does no damage.
The centaur warrior skeleton kicks you but does no damage.
You hit the centaur warrior skeleton.
You destroy the centaur warrior skeleton!
You completely miss the large abomination.
You hit the large abomination.
The large abomination is lightly damaged.
The large abomination hits you.
* * * LOW HITPOINT WARNING * * *
You barely miss the large abomination.
The large abomination is lightly damaged.
You hit the large abomination but do no damage.
The large abomination is lightly damaged.
The large abomination hits you!!
* * * LOW HITPOINT WARNING * * *
You puncture the large abomination!
The large abomination is lightly damaged.
You hit the large abomination.
The large abomination is moderately damaged.
The large abomination hits you but does no damage.
You hit the large abomination but do no damage.
The large abomination is moderately damaged.
You hit the large abomination but do no damage.
The large abomination is moderately damaged.
The large abomination hits you.
* * * LOW HITPOINT WARNING * * *
You barely miss the large abomination.
The large abomination is moderately damaged.
You hit the large abomination.
The large abomination is moderately damaged.
The large abomination hits you but does no damage.
You barely miss the large abomination.
The large abomination is moderately damaged.
You barely miss the large abomination.
The large abomination is moderately damaged.
The large abomination hits you.
You die...
Your body rises from the dead as a mindless zombie.

#.# #..
#.# #.#
#.# #.#
#.# #@#
#X###
##.#.# #
#._.. #
#
#..###.
#
.##ยง#.#
.# #
#...# #
.#....#
.....##


You could see a large abomination.

Vanquished Creatures
  A centaur skeleton (Abyss:1)
  A small abomination (Abyss:1)
  A slime creature (D:8)
  4 yaks (D:8)
  A steam dragon (D:8)
  Duvessa (D:4)
  An ice beast (D:7)
  2 orc warriors (D:6)
  2 sky beasts
  A black bear (D:7)
  3 centaurs
  2 phantoms (D:5)
  3 kobold brigands
  Blork the orc (D:4)
  2 bullfrogs
  A scorpion (D:5)
  Dowan (D:4)
  2 howler monkeys
  2 jellies
  3 hounds
  5 orc priests
  A sleepcap (D:5)
  2 gnoll boudas
  Natasha (D:2)
  An iguana (D:5)
  6 orc wizards
  13 gnolls
  5 adders
  2 shadow imps (D:7)
  2 white imps (D:7)
  2 ufetubi
  3 worms
  5 dart slugs
  31 orcs
  5 ball pythons
  10 bats
  5 endoplasms
  3 giant cockroaches
  6 goblins
  3 hobgoblins
  8 jackals
  A quokka (D:4)
  A frilled lizard (D:1)
  10 kobolds
  8 rats
174 creatures vanquished.

Vanquished Creatures (collateral kills)
  3 slime creatures (D:8)
  Menkaure (D:4)
  An ogre (D:6)
  A gnoll sergeant (D:5)
  2 howler monkeys (D:7)
  A hound (D:4)
  An orc wizard (D:7)
  A gnoll (D:5)
  An adder (D:6)
  3 shadow imps
  A spectral white imp (D:7)
  4 orcs
  An endoplasm (D:3)
  A jackal (D:3)
22 creatures vanquished.

Vanquished Creatures (others)
  A yak zombie (D:8)
  A centaur zombie (D:7)
  2 hound zombies
  2 adder zombies
  An elf zombie (D:4)
  A jelly zombie (D:4)
  A worm zombie (D:4)
  10 orc zombies
  A bat zombie (D:3)
  8 gnoll zombies
  An endoplasm zombie (D:4)
  A giant cockroach zombie (D:4)
  2 goblin zombies (D:4)
  2 kobold zombies
  A quokka zombie (D:4)
  A spectral ufetubus (D:4)
  26 plants
62 creatures vanquished.

Grand Total: 258 creatures vanquished

Notes
Turn   | Place    | Note
-------+----------+-------------------------------------------
     0 | D:1      | Maffolandro the Human Wanderer began the quest for the Orb.
     0 | D:1      | Maffolandro set off with the following items: a +1 short
                  | sword, a scroll of blinking, a +0 robe; and the following
                  | spells available to memorise: Necrotise, Kiss of Death,
                  | Dispel Undead.
     0 | D:1      | Reached XP level 1. HP: 18/18 MP: 4/4
     2 | D:1      | Learned a level 1 spell: Kiss of Death
   174 | D:1      | Reached XP level 2. HP: 15/24 MP: 6/6
   360 | D:1      | Reached XP level 3. HP: 28/30 MP: 7/7
   972 | D:2      | Learned a level 3 spell: Vampiric Draining
   984 | D:2      | Reached skill level 1 in Polearms
  1078 | D:2      | Noticed Natasha
  1304 | D:2      | Killed Natasha
  1305 | D:2      | Reached skill level 2 in Polearms
  1305 | D:2      | Reached XP level 4. HP: 25/37 MP: 8/8
  1459 | D:2      | Found Xuel's Jewellery Emporium.
  1557 | D:2      | Found a basalt altar of Yredelemnul.
  1608 | D:2      | Found a runed translucent door.
  1608 | D:2      | Noticed Natasha
  1650 | D:2      | Became a worshipper of Yredelemnul the Dark
  1787 | D:2      | Noticed Crazy Yiuf
  1870 | D:3      | Reached skill level 3 in Polearms
  1870 | D:3      | Reached XP level 5. HP: 38/42 MP: 9/9
  1899 | D:3      | Reached * piety under Yredelemnul
  1970 | D:3      | Reached ** piety under Yredelemnul
  2202 | D:3      | Found a bloodstained altar of Trog.
  2542 | D:4      | Reached skill level 4 in Polearms
  2584 | D:4      | Noticed a kobold brigand
  2600 | D:4      | Killed a kobold brigand
  2601 | D:4      | Reached skill level 5 in Polearms
  2601 | D:4      | Reached XP level 6. HP: 18/48 MP: 10/10
  2880 | D:4      | Noticed Blork the orc
  2888 | D:4      | Killed Blork the orc
  2889 | D:4      | Reached XP level 7. HP: 31/54 MP: 11/11
  2999 | D:4      | Reached skill level 6 in Polearms
  3007 | D:4      | Noticed Dowan
  3008 | D:4      | Noticed Duvessa
  3017 | D:4      | Your ally Blork died
  3026 | D:4      | Killed Dowan
  3029 | D:4      | Your ally Dowan died
  3036 | D:4      | Killed Duvessa
  3299 | D:4      | Found a shadowy altar of Dithmenos.
  3302 | D:4      | Found a sparkling altar of Nemelex Xobeh.
  3308 | D:4      | Found a blossoming altar of Fedhas.
  3311 | D:4      | Found an opulent altar of Gozag.
  3313 | D:4      | Found a hide-covered altar of Uskayaw.
  3318 | D:4      | Found an iron altar of Okawaru.
  3318 | D:4      | Noticed Menkaure
  3328 | D:4      | Killed Menkaure
  3329 | D:4      | Reached skill level 7 in Polearms
  3522 | D:4      | Reached XP level 8. HP: 60/60 MP: 12/12
  3625 | D:5      | Entered Level 5 of the Dungeon
  3714 | D:5      | Reached skill level 1 in Dodging
  3935 | D:5      | Reached skill level 8 in Polearms
  4726 | D:6      | Reached skill level 5 in Fighting
  5027 | D:6      | Reached XP level 9. HP: 44/68 MP: 13/13
  5031 | D:6      | Reached skill level 9 in Polearms
  5193 | D:6      | Identified the +3 spear "Bacaraiwk" {holy, Dex+3}
  5223 | D:6      | Reached *** piety under Yredelemnul
  5923 | D:7      | Identified the +4 chain mail "Fyexat" {Str+4}
  6446 | D:7      | Found a staircase to the Ecumenical Temple.
  6469 | D:7      | Reached skill level 1 in Armour
  6501 | D:7      | Reached skill level 10 in Polearms
  6622 | D:7      | Found Jewet's Weapon Shop.
  7261 | D:8      | Reached XP level 10. HP: 67/77 MP: 14/14
  7379 | D:8      | Found a runed translucent gate.
  7379 | D:8      | Found a runed translucent gate.
  7379 | D:8      | Found a runed translucent gate.
  7383 | D:8      | Noticed bananaglory's ghost (novice TeFE)
  7383 | D:8      | Noticed unihiutale's ghost (novice HuWn)
  7482 | D:8      | Reached skill level 11 in Polearms
  7651 | D:8      | Reached **** piety under Yredelemnul
  7738 | D:8      | Reached ***** piety under Yredelemnul
  7892 | D:8      | Found a snail-covered altar of Cheibriados.
  8852 | D:8      | Found an ornate altar of the Wu Jian Council.
  8980 | D:9      | Noticed a kobold demonologist
  8989 | Abyss:1  | Cast into level 1 of the Abyss (chaos spawn)
  8993 | Abyss:1  | Identified the +11 plate armour of Exclusion {Str+2 Dex+3
                  | Stlth+}
  9051 | Abyss:1  | Noticed a starcursed mass
  9054 | Abyss:1  | Noticed a worldbinder
  9113 | Abyss:1  | Found a corrupted altar of Lugonu.
  9136 | Abyss:1  | HP: 3/80 [large abomination (20)]
  9140 | Abyss:1  | HP: 1/80 [large abomination (2)]
  9144 | Abyss:1  | Slain by a large abomination

Illustrated notes

Levels and vault maps discovered:
D:1:      noname_arrival_rooms_in_the_neighbourhood, layout_basic,
          chequers_big_river
D:2:      layout_rooms, serial_shops, shop, basic_altar,
          uniq_crazy_yiuf_cottage, uniq_natasha
D:3:      layout_basic, mainiacjoe_overflow_surrounded_room
D:4:      layout_cave_pools, nicolae_overflow_hallway_of_the_gods,
          minmay_cupped, uniq_menkaure, uniq_blork_the_orc, uniq_duvessa
D:5:      layout_cave_pools
D:6:      layout_rooms, serial_co_window_serial, co_window_paths_a,
          co_window_paths_b, co_window_corner_a, co_window_paths_b,
          co_window_corner_a, co_window_of_opportunity_a,
          co_window_of_opportunity_a, co_window_paths_a, co_window_paths_b,
          co_window_corner_b, co_window_unsneaky_path_d,
          co_window_unsneaky_path_a, co_window_paths_c,
          co_window_unsneaky_path_e, glass_columns_c, glass_columns_a
D:7:      layout_basic, minmay_temple_entry_grid, serial_shops,
          nicolae_shop_bloodbath_and_beyond, nicolae_elevator_lobby_plus
D:8:      layout_loops_ring, lemuel_tele_altar, nzn_wu_jian_council_hall,
          gammafunk_ghost_cemetery, serial_bayou_pond_c
D:9:      layout_basic
Abyss:1:  base: D:1, evilmike_abyss_exit_4, minivault_1, evilmike_abyss_exit_4

Skill      XL: |  1  2  3  4  5  6  7  8  9 10 |
---------------+-------------------------------+-----
Fighting       | 4 5 6 7 |  7.7
Polearms       | 2 3 5 7 8 10 11 | 11.8
Dodging        | 3 4 |  4.0
Armour         | 2 4 |  4.8
Short Blades   | |  2.0
Spellcasting   | |  3.0
Necromancy     | |  2.0

Action                     |  1- 3 |  4- 6 |  7- 9 | 10-12 || total
---------------------------+-------+-------+-------+-------++-------
  Melee: Short sword       |    77 |       |       |       ||    77
         Punch             |     1 |     1 |     1 |     3 ||     6
         Demon trident     |    25 |   131 |   391 |   176 ||   723
  Throw: Dart              |       |       |     4 |       ||     4
  Evoke: Wand              |       |       |     2 |       ||     2
    Use: Scroll            |       |       |     9 |     3 ||    12
   Stab: Distracted        |       |     2 |     2 |     2 ||     6
         Sleeping          |       |     1 |     1 |       ||     2
 Armour: Ring mail         |    51 |    43 |    11 |       ||   105
         Scale mail        |     1 |       |       |       ||     1
         Robe              |       |       |    45 |       ||    45
         Chain mail        |       |       |    75 |    49 ||   124
         Plate armour      |       |       |       |    39 ||    39
  Dodge: Dodged            |    53 |    53 |   129 |    51 ||   286
